 Dungeon Crawl Stone Soup version 0.23.2-11-gf996548 (webtiles) character file.

Game seed: 14617734514501056455

85 Fortress the Firebug (level 4, 0/33 HPs)
             Began as a Draconian Fire Elementalist on June 7, 2019.
             Succumbed to an adder's poison
             ... on level 2 of the Dungeon.
             The game lasted 00:06:20 (1325 turns).

Fortress the Firebug (Draconian Fire Elementalist)  Turns: 1325, Time: 00:06:21

Health: 0/33       AC:  5    Str: 16    XL:     4   Next: 25%
Magic:  0/8        EV: 12    Int: 18    God:
Gold:   48         SH:  0    Dex: 11    Spells: 7/8 levels left

rFire    . . .     SeeInvis .   k - +0 short sword
rCold    . . .     Gourm    .   (no shield)
rNeg     . . .     Faith    .   (armour unavailable)
rPois    .         Spirit   .   (helmet restricted)
rElec    .         Reflect  .   (no cloak)
rCorr    .         Harm     .   (no gloves)
MR       .....                  (no boots)
Stlth    ++........             (no amulet)
HPRegen  0.11/turn              (no ring)
MPRegen  0.11/turn              (no ring)

@: mighty, lethally poisoned (0 -> -3), flying
A: unfitting armour, clever 1, cold-blooded, subdued magic 1, AC +5
a: no special abilities


You were on level 2 of the Dungeon.
You were not hungry.

You visited 1 branch of the dungeon, and saw 2 of its levels.

You collected 48 gold pieces.

Inventory:

Hand Weapons
 k - a +0 short sword (weapon)
Missiles
 d - 53 stones (quivered)
Jewellery
 c - a cursed ring of teleportation {unknown}
Scrolls
 e - a scroll of teleportation {unknown}
 f - 5 scrolls of identify {unknown}
 g - a scroll of enchant armour {unknown}
 h - 3 scrolls of magic mapping {unknown}
 j - 3 scrolls of immolation {unknown}
Comestibles
 b - 3 rations


   Skills:
 - Level 2.0 Dodging
 - Level 2.0 Stealth
 + Level 2.7 Spellcasting
 + Level 1.7 Conjurations
 + Level 4.1 Fire Magic


You had 7 spell levels left.
You knew the following spells:

 Your Spells              Type           Power        Failure   Level  Hunger
a - Flame Tongue          Conj/Fire      ##...        3%          1    #......

Your spell library contained the following spells:

 Spells                   Type           Power        Failure   Level  Hunger
 Throw Flame              Conj/Fire      ##....       6%          2    ##.....
 Conjure Flame            Conj/Fire      ##......     13%         3    ###....
 Inner Flame              Hex/Fire       #.......     19%         3    ###....
 Sticky Flame             Conj/Fire      ##......     41%         4    #####..
 Fireball                 Conj/Fire      ##........   77%         5    ######.


Dungeon Overview and Level Annotations

Branches:
Dungeon (2/15)

Altars:


Innate Abilities, Weirdness & Mutations

Your plain brown scales are hard. (AC +5)
You cannot fit into any form of body armour.
You are cold-blooded and may be slowed by cold attacks.
Your mind is acute. (Int +2)
Your spells are a little easier to cast, but a little less powerful.


Message History

The frilled lizard bites you but does no damage.
You puncture the frilled lizard!
You kill the frilled lizard!
* * * LOW HITPOINT WARNING * * *
You feel sick.
The hobgoblin throws a stone.
The stone closely misses you.
Casting: Flame Tongue (safe; 6% risk of failure)
Confirm with . or Enter, or press ? or * to list all spells.
Aiming: Flame Tongue (safe; 6% risk of failure)
Press: ? - help, Shift-Dir - straight line, f - hobgoblin
Aim: a hobgoblin, wielding a +0 club and wearing an uncursed ring of ice The flame tongue hits the hobgoblin!
The hobgoblin is burned terribly!
You kill the hobgoblin!
Items here: †††† a frilled lizard corpse; a quokka corpse; a rat corpse; an adder corpse
Items here: ! ( ) = † a +0 club; an uncursed ring of ice; a lumpy golden potion; 16 stones a hobgoblin corpse It was a potion of mutation.
You feel extremely strange.
Your connection to magic feels subdued.
You feel clever.
You die...

# ..(.... .# #
....... #...#.#
#. .......
#.....## ...
.(.....## #......
.##
........####....#
........##......#
#
...$.....#†#....#
.. # #.@†.....(#
.# #
........###.....#
.# # ......###
##..#.###.# #
...... ##..#.##..
### .....
#...#.##.# ##..
.....
#.#.#)##(###..#
....
#.#.#.#.[.)..##
.#..
#.#.#.÷..#####
#.#......#


There were no monsters in sight!

Vanquished Creatures
  A gnoll (D:1)
  3 adders (D:2)
  An ooze (D:1)
  3 dart slugs (D:1)
  3 giant cockroaches (D:1)
  3 goblins
  6 hobgoblins
  2 jackals (D:1)
  2 quokkas (D:2)
  4 bats
  3 frilled lizards
  4 kobolds
  5 rats
40 creatures vanquished.

Notes
Turn   | Place    | Note
-------+----------+-------------------------------------------
     0 | D:1      | Fortress the Draconian Fire Elementalist began the quest
                  | for the Orb.
     0 | D:1      | Reached XP level 1. HP: 14/14 MP: 3/3
    69 | D:1      | Reached XP level 2. HP: 20/20 MP: 1/5
   644 | D:1      | Reached XP level 3. HP: 26/26 MP: 3/6
  1183 | D:2      | Reached skill level 4 in Fire Magic
  1288 | D:2      | Reached XP level 4. HP: 22/33 MP: 0/7
  1319 | D:2      | HP: 1/33 [poisoned by an adder]
  1325 | D:2      | Gained mutation: Your spells are a little easier to cast,
                  | but a little less powerful. [potion of mutation]
  1325 | D:2      | Gained mutation: Your mind is acute. (Int +2) [potion of
                  | mutation]
  1325 | D:2      | Succumbed to an adder's poison

Skill      XL: |  1  2  3 |
---------------+----------+-----
Stealth        | 2 |  2.0
Fire Magic     | 4 |  4.1
Dodging        | 2 |  2.0
Spellcasting   | |  2.7
Conjurations   | |  1.7

Action                   |  1- 3 |  4- 6 || total
-------------------------+-------+-------++-------
Melee: Unarmed           |    23 |       ||    23
       Tailslap          |     2 |     1 ||     3
       Short sword       |     7 |    28 ||    35
 Cast: Flame Tongue      |    65 |     4 ||    69
  Use: Potion            |       |     3 ||     3
  Eat: Chunk             |     2 |       ||     2
Armor: Skin              |    28 |    14 ||    42
Dodge: Dodged            |    39 |    23 ||    62
